 Dungeon Crawl Stone Soup version 0.27.1-1-g398f81649c (webtiles) character file.

Game seed: 16249632445938851135

4 H0rd4k the Magician (level 1, 0/11 HPs)
             Began as an Octopode Hedge Wizard on Sept 16, 2021.
             Succumbed to an adder's poison
             ... on level 1 of the Dungeon.
             The game lasted 00:00:19 (179 turns).

H0rd4k the Magician (Octopode Hedge Wizard)          Turns: 179, Time: 00:00:19

Health: 0/11       AC:  1    Str:  9    XL:     1   Next: 70%
Magic:  1/4        EV: 13    Int: 16    God:
Gold:   0          SH:  0    Dex: 11    Spells: 5/6 levels left

rFire    . . .     SeeInvis .   a - +0 dagger
rCold    . . .     Faith    .   (no shield)
rNeg     . . .     Spirit   .   b - +0 hat
rPois    .         Reflect  .   (no amulet)
rElec    .         Harm     .   (no ring)
rCorr    .         Rampage  .   (no ring)
Will     .....                  (no ring)
Stlth    +++.......             (no ring)
HPRegen  0.03/turn              (no ring)
MPRegen  0.09/turn              (no ring)
                                (no ring)
                                (no ring)

@: lethally poisoned (0 -> -3)
A: almost no armour, amphibious, 8 rings, camouflage 1, gelatinous body 1,
(nimble swimmer 1), tentacles
a: no special abilities


You were on level 1 of the Dungeon.
You visited 1 branch of the dungeon, and saw 2 of its levels.

Inventory:

Hand Weapons
 a - a +0 dagger (weapon)
Armour
 b - a +0 hat (worn)


   Skills:
 + Level 2.0 Dodging
 + Level 2.6 Stealth
 + Level 3.2 Spellcasting
 + Level 1.0 Conjurations
 + Level 1.0 Summonings
 + Level 1.0 Translocations


You had 5 spell levels left.
You knew the following spells:

 Your Spells              Type           Power      Damage    Failure   Level
a - Magic Dart            Conj           20%        1d4       12%         1

Your spell library contained the following spells:

 Spells                   Type           Power      Damage    Failure   Level
 Blink                    Tloc           N/A        N/A       19%         2
 Call Imp                 Summ           5%         N/A       19%         2
 Slow                     Hex            2%         N/A       28%         2
 Conjure Flame            Conj/Fire      4%         6-21      41%         3
 Mephitic Cloud           Conj/Pois/Air  3%         N/A       43%         3


Dungeon Overview and Level Annotations

Branches:
Dungeon (2/15)

Altars:


Innate Abilities, Weirdness & Mutations

You cannot wear most types of armour.
You are amphibious.
You can wear up to eight rings at the same time.
Your skin changes colour to match your surroundings (Stealth+).
Your rubbery body absorbs attacks. (AC +1, EV +1)
((You are camouflaged near water. (Stealth+)))
You have tentacles for arms and can constrict up to eight enemies at once.


Message History

An adder is nearby!
The magic dart hits the adder but does no damage.
The adder hisses angrily.
The magic dart hits the adder.
The adder is lightly wounded.
You miscast Magic Dart.
You are very lightly contaminated with residual magic.
Nothing appears to happen.
The magic dart hits the adder.
The adder is moderately wounded.
A giant cockroach comes into view.
You are too depleted to draw on your mana recklessly!
You are too depleted to draw on your mana recklessly!
There is a stone staircase leading up here.
The adder bites you but does no damage.
You climb upwards.
The jackal completely misses you. The jackal bites you.
There is a stone staircase leading down here.
You hit the adder. Your grab misses the adder.
The adder is heavily wounded.
The jackal barely misses you. The adder closely misses you.
You closely miss the adder. Your grab misses the adder.
The adder is heavily wounded.
The jackal bites you but does no damage.
The adder closely misses you. The jackal bites you. The adder bites you.
You are poisoned.
The adder poisons you!
Your magical contamination has completely faded away.
You miss the adder. Your grab misses the adder. Your squeeze misses the adder.
The adder is heavily wounded.
You feel sick. The jackal bites you. The adder bites you.
* * * LOW HITPOINT WARNING * * *
You closely miss the adder. Your grab misses the adder.
The adder is heavily wounded.
* * * LOW HITPOINT WARNING * * *
You feel sick. The jackal closely misses you. The adder barely misses you.
The jackal closely misses you.
You closely miss the adder. You grab the adder.
The adder is heavily wounded.
You constrict the adder.
You die...

#..h.........
###########.#........
#....................
#........h###........
#........h##........#
#............#..##### +###
#.........####..# ♣♣♣♣..P.≈
#..........†...S#♣♣<.....≈≈
######.#..###..@#♣...<.≈≈≈P
#.....## #.h.#.....≈≈PPP
#####...### #...'....≈≈≈≈≈≈
.......## #...#≈≈≈≈≈≈..P.
.......# #...#########+#
....#### #.......... ....#
#.....##### ....# #.....#
##### #.....#


You could see an adder and a jackal.

Vanquished Creatures
  3 jackals
  A kobold (D:1)
4 creatures vanquished.

Notes
Turn   | Place    | Note
-------+----------+-------------------------------------------
     0 | D:1      | H0rd4k the Octopode Hedge Wizard began the quest for the
                  | Orb.
     0 | D:1      | Reached XP level 1. HP: 11/11 MP: 4/4
   179 | D:1      | Succumbed to an adder's poison

Illustrated notes

Levels and vault maps discovered:
D:1:      tarquinn_simple_flora_water_c, layout_rooms, minmay_ruptured
D:2:      layout_rooms, minmay_tripent

Action                   || total
-------------------------++-------
Melee: Dagger            ||     6
       Constrict         ||     2
       Tentacles         ||     1
 Cast: Magic Dart        ||    10
Armor: Skin              ||     2
Dodge: Dodged            ||    10
